 Dungeon Crawl Stone Soup version 0.20.1-1-g8b1a95d (webtiles) character file.

3761 gobwax the Bludgeoner (level 9, -2/71 HPs)
             Began as a Minotaur Fighter on Aug 26, 2017.
             Was an Elder of Okawaru.
             Killed by divine providence
             ... invoked by an orc priest
              (10 damage)
             ... on level 8 of the Dungeon.
             The game lasted 00:27:56 (5369 turns).

gobwax the Bludgeoner (Minotaur Fighter)            Turns: 5369, Time: 00:27:56

Health: -2/71      AC: 18    Str: 24    XL:     9   Next: 94%
Magic:  6/8        EV:  6    Int:  5    God:    Okawaru [****..]
Gold:   461        SH:  4    Dex: 10    Spells: 8/8 levels left

rFire    . . .     SeeInvis .   H - +0 dire flail (drain)
rCold    . . .     Gourm    .   (shield currently unavailable)
rNeg     . . .     Faith    .   v - +0 plate armour
rPois    .         Spirit   .   (helmet restricted)
rElec    .         Reflect  +   i - +0 cloak {+Inv}
rCorr    .         Harm     .   l - +0 pair of gloves
MR       .....                  r - +0 pair of boots
Stlth    ..........             e - +4 amulet of reflection
Regen    0.3/turn               C - ring of stealth
MPRegen  0.2/turn               E - +1 ring of protection

@: very slightly contaminated
A: retaliatory headbutt, horns 2, yellow scales 1, mutation resistance 1
a: Heroism, Renounce Religion, Evoke Invisibility


You were on level 8 of the Dungeon.
You worshipped Okawaru.
Okawaru was greatly pleased with you.
You were hungry.

You visited 1 branch of the dungeon, and saw 8 of its levels.
You also visited: Ossuary.

You collected 461 gold pieces.

Inventory:

Hand Weapons
 a - a +1 flail
 F - the +7 short sword "Bycyps" {venom, MR+ Dex+3}
   (You found it on level 5 of the Dungeon)

   It poisons the flesh of those it strikes.
   It affects your dexterity (+3).
   It affects your resistance to hostile enchantments.
 H - a +0 dire flail of draining (weapon)
Missiles
 s - 5 tomahawks of dispersal (quivered)
Armour
 b - a +0 scale mail
 c - a +0 shield
 i - a +0 cloak of invisibility (worn)
 l - a +0 pair of gloves (worn)
 r - a +0 pair of boots (worn)
 v - a +0 plate armour (worn)
 x - a scarf of spirit shield
Jewellery
 e - a +4 amulet of reflection (around neck)
 C - a ring of stealth (left hand)
 E - a +1 ring of protection (right hand)
 K - an uncursed ring of stealth
 M - an uncursed amulet of inaccuracy
Wands
 q - a wand of polymorph (23/24)
 D - a wand of disintegration (11/24)
Scrolls
 j - 3 scrolls of fear
 m - 4 scrolls of teleportation
 n - 6 scrolls of remove curse
 y - 2 scrolls of fog
 I - 5 scrolls of enchant armour
 L - a scroll of magic mapping
Potions
 d - 4 potions of haste
 k - 5 potions of brilliance
 u - 3 potions of degeneration
 w - a potion of resistance
 A - 2 potions of curing
 B - a potion of flight
 G - a potion of lignification
Comestibles
 f - 5 bread rations
 h - 5 fruits
 z - 4 royal jellies
 J - a meat ration


   Skills:
 + Level 3.7 Fighting
 - Level 16.0 Maces & Flails
 + Level 3.7 Armour
 - Level 3.6 Shields


You had 8 spell levels left.
You didn't know any spells.

Dungeon Overview and Level Annotations

Branches:
Dungeon (8/15)             Temple (0/1) D:6
   Lair: D:8-11

Altars:
Cheibriados
Fedhas
Hepliaklqana
Okawaru
Trog
Zin
The Shining One

Shops:
D:4 (

Annotations:
D:8 bgiannan's ghost, novice HOFi


Innate Abilities, Weirdness & Mutations

You reflexively headbutt those who attack you in melee.
You have a pair of horns on your head.
You are partially covered in yellow scales. (AC +2)
You are somewhat resistant to further mutation.


Message History

An orc priest comes into view.
You feel like a meek peon again.
An orc comes into view.
The orc shouts!
The orc priest shouts!
You hear a shout! x2
An orc priest comes into view.
An ogre comes into view. It is wielding a giant club.
You flicker back into view.
The ogre shouts!
The orc priest shouts!
The orc shouts!
The orc priest shouts!
The orc priest drinks a potion.
The orc priest flickers and vanishes!
Deactivating autopickup; reactivate with Ctrl-A.
A centaur comes into view.
You fail to use your ability.
You fail to use your ability.
The quokka barely misses you.
The centaur wields a shortbow.
The centaur shoots an arrow.
The arrow hits you!
* * * LOW HITPOINT WARNING * * *
The necrophage closely misses you.
Okay, then.
You hear something call down the wrath of Beogh upon you.
Beogh smites you!
You die...

# #.. # ...#####
.[.... . #.....#
.#.#..._ #. #.....#
....... #..#.o...#
#...... #c....{.#
##O..... #..O...####
#.......
#.ron..#####.#Z....
#..#@##..O†o...#.....
#.........###Z.......
#....##.....#
#........
###.........#
#?....... #####.....#
####..... #######
#..... #..... ##....
##%..


You could see an ogre, a necrophage, a centaur, an orc priest, an orc and a
quokka.

Vanquished Creatures
  A hippogriff (D:7)
  The ghost of hilaritas the Chiller, an amateur DEIE (D:4)
  Eustachio (D:6)
  A hungry ghost (D:7)
  4 sky beasts (D:5)
  A black bear (D:6)
  2 phantoms
  A centaur (D:6)
  4 ogres
  An elf zombie (Ossuary)
  5 bullfrogs
  3 scorpions
  9 wights
  A crimson imp (D:6)
  2 howler monkeys (D:6)
  A quasit (D:7)
  A bullfrog zombie (D:7)
  A human zombie (Ossuary)
  4 hounds
  A jelly (D:6)
  3 orc priests
  2 centaur skeletons (D:7)
  An iguana (D:4)
  Ijyb (D:5)
  5 orc wizards
  8 worker ants
  A killer bee zombie (D:7)
  3 mummies (Ossuary)
  A howler monkey zombie (D:5)
  4 gnolls (D:6)
  A howler monkey skeleton (D:6)
  6 adders
  A shadow imp (D:6)
  3 oozes
  3 adder zombies (Ossuary)
  3 adder skeletons
  3 worms
  A dart slug (D:2)
  8 leopard geckos
  27 orcs
  5 giant cockroaches
  A gnoll zombie (Ossuary)
  4 goblins
  7 hobgoblins
  4 jackals
  3 quokkas
  4 bats
  3 frilled lizards
  2 goblin zombies (Ossuary)
  2 hobgoblin zombies (Ossuary)
  A jackal zombie (D:6)
  9 kobolds
  3 kobold zombies (Ossuary)
  A leopard gecko skeleton (D:6)
  2 quokka zombies (Ossuary)
  7 rats
  3 rat zombies (Ossuary)
191 creatures vanquished.

Notes
Turn   | Place    | Note
-------+----------+-------------------------------------------
     0 | D:1      | gobwax the Minotaur Fighter began the quest for the Orb.
     0 | D:1      | Reached XP level 1. HP: 19/19 MP: 0/0
   117 | D:1      | Reached skill level 3 in Maces & Flails
   191 | D:1      | Reached XP level 2. HP: 26/26 MP: 1/1
   502 | D:1      | Reached skill level 4 in Maces & Flails
   977 | D:2      | Reached XP level 3. HP: 31/31 MP: 2/2
  1087 | D:2      | Reached skill level 5 in Maces & Flails
  1178 | D:2      | Reached XP level 4. HP: 35/39 MP: 3/3
  1268 | D:2      | Found a hazy altar of Hepliaklqana.
  1598 | D:3      | Found an iron altar of Okawaru.
  1608 | D:3      | Became a worshipper of Warmaster Okawaru
  1654 | D:3      | Found an iron altar of Okawaru.
  1654 | D:3      | Found a glowing silver altar of Zin.
  1669 | D:3      | Reached skill level 6 in Maces & Flails
  1669 | D:3      | Reached XP level 5. HP: 42/45 MP: 4/4
  2121 | D:3      | Found a blossoming altar of Fedhas.
  2194 | D:4      | Reached skill level 7 in Maces & Flails
  2243 | D:4      | Noticed an ogre
  2258 | D:4      | Killed an ogre
  2258 | D:4      | Reached * piety under Okawaru
  2258 | D:4      | Reached skill level 8 in Maces & Flails
  2258 | D:4      | Reached XP level 6. HP: 43/51 MP: 5/5
  2409 | D:4      | Found Ydghal's Weapon Shoppe.
  2499 | D:4      | Noticed hilaritas's ghost (amateur DEIE)
  2520 | D:4      | Killed hilaritas's ghost
  2520 | D:4      | Reached skill level 9 in Maces & Flails
  2520 | D:4      | Reached XP level 7. HP: 31/57 MP: 6/6
  2590 | D:5      | Entered Level 5 of the Dungeon
  2590 | D:5      | Noticed Ijyb
  2614 | D:5      | Killed Ijyb
  2628 | D:5      | Reached ** piety under Okawaru
  2628 | D:5      | Reached skill level 10 in Maces & Flails
  2635 | D:5      | Gained mutation: You possess an exceptional clarity of mind. [mutagenic meat]
  2636 | D:5      | Gained mutation: Your flesh is heat resistant. (rF+) [mutagenic meat]
  2637 | D:5      | Gained mutation: You are somewhat resistant to further mutation. [mutagenic meat]
  2642 | D:5      | Gained mutation: You are partially covered in rugged brown scales. (AC +1, +3% HP) [mutagenic meat]
  2738 | D:5      | Reached skill level 11 in Maces & Flails
  2774 | D:5      | Reached XP level 8. HP: 23/65 MP: 0/7
  2829 | D:5      | Found a sand-covered staircase.
  2834 | Ossuary  | Entered an ossuary
  3263 | D:5      | Got a bone short sword
  3264 | D:5      | Identified the +7 short sword "Bycyps" {venom, MR+ Dex+3} (You found it on level 5 of the Dungeon)
  3492 | D:6      | Found a staircase to the Ecumenical Temple.
  3532 | D:6      | Reached skill level 12 in Maces & Flails
  3654 | D:6      | Reached *** piety under Okawaru
  3766 | D:6      | Reached skill level 13 in Maces & Flails
  3954 | D:6      | Noticed Eustachio
  3985 | D:6      | Reached XP level 9. HP: 72/72 MP: 8/8
  4019 | D:6      | Killed Eustachio
  4019 | D:6      | Reached **** piety under Okawaru
  4019 | D:6      | Reached skill level 14 in Maces & Flails
  4141 | D:6      | Found a bloodstained altar of Trog.
  4449 | D:7      | Reached skill level 15 in Maces & Flails
  4623 | D:7      | Identified a scroll of acquirement
  4817 | D:7      | Found a snail-covered altar of Cheibriados.
  5282 | D:8      | Noticed bgiannan's ghost (novice HOFi)
  5306 | D:7      | Reached ***** piety under Okawaru
  5306 | D:7      | Reached skill level 16 in Maces & Flails
  5327 | D:8      | Lost mutation: Your flesh is heat resistant. (rF+) [potion of mutation]
  5327 | D:8      | Lost mutation: You are partially covered in rugged brown scales. (AC +1, +3% HP) [potion of mutation]
  5327 | D:8      | Lost mutation: You possess an exceptional clarity of mind. [potion of mutation]
  5327 | D:8      | Gained mutation: You are partially covered in yellow scales. (AC +2) [potion of mutation]
  5351 | D:8      | Found a glowing golden altar of the Shining One.
  5357 | D:8      | Noticed a two-headed ogre
  5369 | D:8      | Killed from afar by an orc priest

Skill      XL: |  1  2  3  4  5  6  7  8  9 |
---------------+----------------------------+-----
Maces & Flails | 3 4 5 6 8 9 11 13 16 | 16.0
Fighting       | |  3.7
Armour         | |  3.7
Shields        | |  3.6

Action                   |  1- 3 |  4- 6 |  7- 9 || total
-------------------------+-------+-------+-------++-------
Melee: Flail             |   107 |   100 |   290 ||   497
       Headbutt          |     8 |    14 |    71 ||    93
       Dire flail        |       |       |   209 ||   209
Invok: Heroism           |       |       |     3 ||     3
  Use: Potion            |       |       |     7 ||     7
       Scroll            |       |       |    18 ||    18
 Stab: Invisible         |       |       |     4 ||     4
  Eat: Chunk             |     1 |     4 |    25 ||    30
       Fruit             |       |       |     1 ||     1
       Royal jelly       |       |       |     1 ||     1
Armor: Scale mail        |    51 |    17 |       ||    68
       Plate armour      |       |    27 |   199 ||   226
       Skin              |       |       |    40 ||    40
Dodge: Dodged            |    38 |    19 |    69 ||   126
Block: Shield            |    53 |    35 |   147 ||   235
       Reflection        |       |       |     6 ||     6
       Other             |       |       |    15 ||    15
